 Dungeon Crawl Stone Soup version 0.23-b1-70-gd12f7cf (webtiles) character file.

Game seed: 9412053900059443180

1514 Yuikono the Skirmisher (level 8, -1/73 HPs)
             Began as a Hill Orc Fighter on Feb 6, 2019.
             Was a Follower of Beogh.
             Slain by an orc warrior
             ... wielding a +1 flail of crushing
              (2 damage)
             ... on level 6 of the Dungeon.
             The game lasted 00:14:06 (5220 turns).

Yuikono the Skirmisher (Hill Orc Fighter)           Turns: 5220, Time: 00:14:07

Health: -1/73      AC: 16    Str: 26    XL:     8   Next: 83%
Magic:  8/8        EV:  6    Int:  8    God:    Beogh [*.....]
Gold:   341        SH: 12    Dex: 10    Spells: 7/7 levels left

rFire    . . .     SeeInvis .   a - +0 long sword
rCold    . . .     Gourm    .   c - +1 shield
rNeg     . . .     Faith    .   E - +0 chain mail
rPois    .         Spirit   .   m - +0 helmet
rElec    .         Reflect  .   k - +0 cloak
rCorr    .         Harm     .   s - +2 pair of gloves
MR       .....                  (no boots)
Stlth    ..........             (no amulet)
HPRegen  0.22/turn              (no ring)
MPRegen  0.11/turn              (no ring)

@: mighty
A: no striking features
a: Renounce Religion


You were on level 6 of the Dungeon.
You worshipped Beogh.
Beogh was aware of your devotion.
You were near starving.

You visited 1 branch of the dungeon, and saw 6 of its levels.

You collected 341 gold pieces.

Inventory:

Hand Weapons
 a - a +0 long sword (weapon)
 u - a +0 hunting sling
Missiles
 h - 188 stones (quivered)
 n - 67 poisoned needles
 o - 117 sling bullets
 r - 12 curare-tipped needles
 A - 3 javelins
 B - 4 tomahawks
 C - 13 bolts
Armour
 b - a +0 scale mail
 c - a +1 shield (worn)
 k - a +0 cloak (worn)
 m - a +0 helmet (worn)
 s - a +2 pair of gloves (worn)
 E - a +0 chain mail (worn)
Jewellery
 F - an uncursed ring of wizardry {unknown}
Wands
 i - a wand of acid (3)
Scrolls
 g - 4 scrolls of teleportation {unknown}
 p - a scroll of random uselessness {unknown}
 x - a scroll of identify
 y - a scroll of magic mapping
 D - a scroll of vulnerability {unknown}
 G - a scroll of remove curse
Potions
 e - a potion of magic
 j - 4 potions of curing
 l - 3 potions of lignification
 q - a potion of ambrosia {unknown}
 t - a potion of berserk rage {unknown}
 v - a potion of mutation {unknown}
 w - a potion of invisibility {unknown}
 z - a potion of agility {unknown}
 H - a potion of haste {unknown}
 I - a potion of heal wounds {unknown}
Comestibles
 f - 11 rations


   Skills:
 + Level 7.3 Fighting
 + Level 6.1 Long Blades
 + Level 6.7 Armour
 + Level 6.7 Shields


You had 7 spell levels left.
You didn't know any spells.
Your spell library was empty.

Dungeon Overview and Level Annotations

Branches:
Dungeon (6/15)
 Temple: D:4-7

Altars:
Ashenzari
Elyvilon
Zin


Message History

a +0 club; a +0 scale mail; an orc corpse The adder closely misses you.
You riposte.
You closely miss the adder. The adder bites you but does no damage.
You feel better. You block the adder's attack.
You miss the adder. The adder bites you but does no damage.
You block the adder's attack.
You closely miss the adder. You block the adder's attack.
You closely miss the adder. The adder barely misses you.
You block the adder's attack.
You slash the adder!
You kill the adder!
Beogh accepts your kill.
You completely miss the orc warrior.
The orc warrior hits you with a +1 flail of crushing!!
* * * LOW HITPOINT WARNING * * *
x2 You closely miss the orc warrior.
The orc warrior hits you with a +1 flail of crushing.
* * * LOW HITPOINT WARNING * * *
You die...
Beogh appreciates the orc warrior's killing of a heretic priest.

#.# ###........[##..##
#.# #.........)....#
..# ##......).)....#
### ####.............#
#####
#..'........####.#
....#######.##........#
.#
....#...........o######
# ....#.###..#...#o#
......# #...#.##@#
...#### #####....# ...#
###### ####


You could see an orc warrior and an orc.

Vanquished Creatures
  Grinder (D:5)
  Eustachio (D:4)
  Sigmund (D:3)
  An ice beast (D:5)
  A phantom (D:4)
  4 scorpions
  A howler monkey (D:4)
  3 orc priests
  A hound (D:3)
  2 orc wizards (D:5)
  3 iguanas
  4 worker ants
  2 river rats (D:3)
  14 adders
  An ooze (D:2)
  2 worms (D:2)
  A dart slug (D:3)
  5 leopard geckos
  12 orcs
  11 bats
  8 giant cockroaches
  8 goblins
  10 hobgoblins
  8 jackals
  3 quokkas
  A ball python (D:4)
  6 frilled lizards
  10 kobolds
  A quokka skeleton (D:4)
  A quokka zombie (D:5)
  10 rats
137 creatures vanquished.

Notes
Turn   | Place    | Note
-------+----------+-------------------------------------------
     0 | D:1      | Yuikono the Hill Orc Fighter began the quest for the Orb.
     0 | D:1      | Reached XP level 1. HP: 19/19 MP: 1/1
   152 | D:1      | Reached XP level 2. HP: 26/27 MP: 2/2
   574 | D:1      | Reached skill level 4 in Fighting
   812 | D:2      | Reached XP level 3. HP: 29/33 MP: 3/3
  1192 | D:2      | Reached XP level 4. HP: 23/40 MP: 4/4
  1394 | D:2      | Found a shattered altar of Ashenzari.
  1938 | D:3      | Reached XP level 5. HP: 38/47 MP: 5/5
  2084 | D:3      | Found a glowing silver altar of Zin.
  2171 | D:3      | Became a worshipper of Beogh the Brigand
  2656 | D:3      | Noticed Sigmund
  2684 | D:3      | Killed Sigmund
  2684 | D:3      | Reached skill level 5 in Fighting
  2684 | D:3      | Reached XP level 6. HP: 38/56 MP: 6/6
  2940 | D:4      | You fall through a shaft!
  2940 | D:5      | Entered Level 5 of the Dungeon
  2978 | D:5      | Noticed an ice beast
  2996 | D:5      | Killed an ice beast
  2996 | D:5      | Reached skill level 5 in Armour
  2996 | D:5      | Reached skill level 5 in Shields
  2996 | D:5      | Reached XP level 7. HP: 61/61 MP: 7/7
  3039 | D:4      | Reached * piety under Beogh
  3228 | D:4      | Reached skill level 6 in Fighting
  3437 | D:4      | Reached skill level 5 in Long Blades
  3852 | D:5      | Noticed Eustachio
  3916 | D:4      | Killed Eustachio
  3916 | D:4      | Reached XP level 8. HP: 50/71 MP: 8/8
  4058 | D:5      | Noticed Grinder
  4076 | D:5      | Paralysed by Grinder for 7 turns
  4086 | D:5      | Killed Grinder
  4259 | D:5      | Reached skill level 7 in Fighting
  4965 | D:5      | Found a white marble altar of Elyvilon.
  4966 | D:5      | Found a shattered altar of Ashenzari.
  5220 | D:6      | HP: 1/73 [orc warrior/+1 flail of crushing (5)]
  5220 | D:6      | Slain by an orc warrior

Skill      XL: |  1  2  3  4  5  6  7  8 |
---------------+-------------------------+-----
Fighting       | 4 5 6 7 |  7.3
Long Blades    | 3 4 5 6 |  6.1
Armour         | 4 5 6 |  6.7
Shields        | 4 5 6 |  6.7

Action                   |  1- 3 |  4- 6 |  7- 9 || total
-------------------------+-------+-------+-------++-------
Melee: Long sword        |    99 |   295 |   290 ||   684
Throw: Stone             |       |     1 |    41 ||    42
Invok: Convert to Beogh  |       |     1 |       ||     1
  Use: Potion            |     2 |       |     2 ||     4
       Scroll            |       |     4 |     2 ||     6
  Eat: Chunk             |     1 |     6 |     7 ||    14
Armor: Scale mail        |    78 |   179 |   138 ||   395
       Chain mail        |       |       |    57 ||    57
Dodge: Dodged            |    33 |   113 |   100 ||   246
Block: Shield            |    58 |   196 |   223 ||   477
       Rpst.: Long sword |     9 |    41 |    29 ||    79
